 Dungeon Crawl Stone Soup version 0.31.0-12-g77e489cdc1 (webtiles) character file.

Game seed: 4389560790656883135

107 jagang the Trooper (level 4, -2/37 HPs)
             Began as a Human Monk on Feb 22, 2024.
             Slain by a black bear (8 damage)
             ... on level 5 of the Dungeon.
             The game lasted 00:05:19 (1987 turns).

jagang the Trooper (Human Monk)                     Turns: 1987, Time: 00:05:20

Health: -2/37      AC:  5    Str: 11    XL:     4   Next: 86%
Magic:  4/4        EV: 16    Int: 10    God:
Gold:   108        SH:  0    Dex: 18    Spells: 3/3 levels left

rFire   . . .        o - +0 great sword
rCold   . . .        (shield currently unavailable)
rNeg    . . .        n - +0 ring mail
rPois   +            (no helmet)
rElec   .            (no cloak)
rCorr   .            (no gloves)
SInv    .            (no boots)
Will    .....        (no amulet)
Stlth   +            k - +5 ring of evasion
HPRegen 0.26/turn    j - ring of poison resistance
MPRegen 0.09/turn

%: no passive effects
@: no status effects
A: explore regen
a: no special abilities


You were on level 5 of the Dungeon.
You visited 1 branch of the dungeon, and saw 5 of its levels.

You collected 108 gold pieces.

Inventory:

Hand Weapons
 a - a +0 falchion
 o - a +0 great sword (weapon)
Missiles
 g - 5 boomerangs
Armour
 b - a +0 robe
 m - a +0 tower shield
 n - a +0 ring mail (worn)
Jewellery
 j - a ring of poison resistance (right hand)
 k - a +5 ring of evasion (left hand)
Wands
 q - a wand of light (12)
Scrolls
 f - 2 scrolls of identify
 i - a scroll of enchant weapon
Potions
 c - a potion of ambrosia
 e - a potion of attraction
 h - a potion of brilliance {unknown}
 l - a potion of lignification {unknown}
 p - a potion of might {unknown}


   Skills:
 * Level 4.2 Fighting
 + Level 3.5 Long Blades
 + Level 1.6 Armour
 - Level 3.0 Dodging
 * Level 1.5 Shields


You had 3 spell levels left.
You didn't know any spells.
Your spell library contained the following spells:

 Spells                   Type           Power      Damage    Failure   Level
 Lesser Beckoning         Tloc           0%         N/A       80%         2
 Call Canine Familiar     Summ           0%         N/A       95%         3
 Fugue of the Fallen      Necr           0%         N/A       95%         3
 Gell's Gravitas          Tloc           0%         N/A       95%         3
 Ozocubu's Armour         Ice            0%         N/A       95%         3
 Sigil of Binding         Hex            0%         N/A       95%         3
 Teleport Other           Tloc           0%         N/A       95%         3
 Dimensional Bullseye     Hex/Tloc       0%         N/A       100%        4
 Manifold Assault         Tloc           0%         N/A       100%        4


Dungeon Overview and Level Annotations

Branches:
Dungeon (6/15)
 Temple: D:4-7

Altars:
Makhleb
Ru
Xom
Zin

Shops:
D:6 =


Innate Abilities, Weirdness & Mutations

You regain HP and MP as you explore.


Message History

You throw a poisoned dart. The poisoned dart hits the black bear.
Throw: 2 darts (poison)
Press: ? - help, Q - select action, (/) - cycle Shift-Dir - straight line, f/p - black bear
Aim: a black bear (68% to hit)
You throw a poisoned dart. The poisoned dart hits the black bear.
The black bear is poisoned.
Throw: dart (poison)
Press: ? - help, Q - select action, (/) - cycle Shift-Dir - straight line, f/p - black bear
Aim: a black bear (poisoned, 68% to hit)
You throw a poisoned dart.
The poisoned dart closely misses the black bear.
An orc comes into view. It is wielding a +0 club.
You hit the black bear.
The black bear is moderately wounded.
The black bear misses you. The black bear claws you. x2
You closely miss the black bear.
The black bear is moderately wounded.
The black bear looks more healthy.
The black bear barely misses you.
The black bear claws you. x2; The black bear bites you.
The black bear claws you.
The black bear claws you but does no damage.
You slash the black bear!
The black bear is severely wounded.
The black bear goes berserk!
You barely miss the black bear.
The black bear is severely wounded.
The black bear bites you! The black bear completely misses you.
The black bear misses you. The black bear barely misses you.
The black bear misses you. x2
You barely miss the black bear.
The black bear is severely wounded.
The black bear misses you. The black bear barely misses you.
The black bear claws you but does no damage.
The black bear bites you.
* * * LOW HITPOINT WARNING * * *
The black bear claws you but does no damage.
The black bear misses you. The orc hits you with a +0 club.
* * * LOW HITPOINT WARNING * * *
The black bear bites you!
You die...

.(# #.# .
###.# ..
#..(# .#
..(###..
.....
#ho#####.
#@.......
##.######
.# .# .#
.# .. #?


You could see a black bear (berserk) and an orc.

Vanquished Creatures
  An iguana (D:6)
  3 adders
  3 dart slugs
  5 endoplasms
  3 giant cockroaches (D:2)
  7 goblins
  3 hobgoblins
  2 jackals (D:1)
  5 kobolds
  3 quokkas
  4 ball pythons
  A bat (D:3)
  2 frilled lizards
  3 rats
45 creatures vanquished.

Notes
Turn   | Place    | Note
-------+----------+-------------------------------------------
     0 | D:1      | jagang the Human Monk began the quest for the Orb.
     0 | D:1      | Reached XP level 1. HP: 18/18 MP: 1/1
    95 | D:1      | Reached XP level 2. HP: 24/24 MP: 2/2
   551 | D:1      | Found a faded altar of an unknown god.
   629 | D:1      | Reached skill level 1 in Armour
   891 | D:1      | Reached XP level 3. HP: 29/29 MP: 3/3
  1630 | D:2      | Reached skill level 1 in Shields
  1630 | D:2      | Reached XP level 4. HP: 37/37 MP: 4/4
  1712 | D:3      | Found a shimmering altar of Xom.
  1712 | D:3      | Found a glowing silver altar of Zin.
  1712 | D:3      | Found a burning altar of Makhleb.
  1712 | D:3      | Found a sacrificial altar of Ru.
  1736 | D:3      | Reached skill level 4 in Fighting
  1816 | D:3      | You fall into a shaft and drop 3 floors!
  1950 | D:6      | Found Dubok's Jewellery Boutique.
  1978 | D:5      | Entered Level 5 of the Dungeon
  1978 | D:5      | Noticed a black bear
  1987 | D:5      | Slain by a black bear

Illustrated notes

Levels and vault maps discovered:
D:1:      heliophobic_arrival_glass_houses, layout_basic,
          shapermc_ecumenical_altar_mp_ritualfount, minmay_misc_feat_ornament
D:2:      layout_loops_ring
D:3:      layout_rooms, nicolae_overflow_crystal_walls,
          gammafunk_temple_overflow_wave,
          chequers_temple_overflow_statue_of_worship, minmay_misc_feat_columns,
          nicolae_goblin_pals
D:5:      layout_basic, mainiacjoe_sewer_entry_somewhere_in_here_1
D:6:      layout_basic, mainiacjoe_overflow_alcove_1, tso_oasis_becter,
          minmay_shop_enchanted_jewellery, minmay_a_box_with_orc_wizards_in_it,
          uniq_pikel

Skill      XL: |  1  2  3  4 |
---------------+-------------+-----
Armour         | 1 |  1.6
Shields        | 1 |  1.5
Fighting       | 4 |  4.2
Long Blades    | |  3.5
Dodging        | |  3.0

Action                     |  1- 3 |  4- 6 || total
---------------------------+-------+-------++-------
  Melee: Falchion          |    74 |       ||    74
         Great sword       |    24 |    45 ||    69
  Throw: Dart              |       |     4 ||     4
    Use: Scroll            |       |     2 ||     2
 Armour: Robe              |    35 |       ||    35
         Ring mail         |    18 |    57 ||    75
  Dodge: Dodged            |    67 |    94 ||   161
